 Dungeon Crawl Stone Soup version 0.23.0-3-gf3c87f2df8 (webtiles) character file.

Game seed: 6337484434796621469

29 OdinFK the Sneak (level 3, -3/18 HPs)
             Began as a Spriggan Assassin on Feb 22, 2019.
             Killed from afar by an orc wizard (6 damage)
             ... with a magic dart
             ... on level 1 of the Dungeon.
             The game lasted 00:03:21 (1618 turns).

OdinFK the Sneak (Spriggan Assassin)                Turns: 1618, Time: 00:03:22

Health: -3/18      AC:  3    Str:  7    XL:     3   Next: 1%
Magic:  4/4        EV: 17    Int: 12    God:
Gold:   25         SH:  0    Dex: 18    Spells: 2/2 levels left

rFire    . . .     SeeInvis +   a - +2 dagger
rCold    . . .     Gourm    .   (shield restricted)
rNeg     . . .     Faith    .   c - +0 robe
rPois    .         Spirit   .   (helmet restricted)
rElec    .         Reflect  .   d - +0 cloak
rCorr    .         Harm     .   (gloves unavailable)
MR       .....                  (boots unavailable)
Stlth    ++++......             (no amulet)
HPRegen  0.06/turn              (no ring)
MPRegen  0.09/turn              (no ring)

@: very quick
A: very small, unfitting armour, see invisible, herbivore, speed 3, slow
metabolism 2
a: no special abilities


You were on level 1 of the Dungeon.
You were not hungry.

You visited 1 branch of the dungeon, and saw 2 of its levels.

You collected 25 gold pieces.

Inventory:

Hand Weapons
 a - a +2 dagger (weapon)
 b - a +0 blowgun
Missiles
 e - 27 poisoned needles
 f - 2 curare-tipped needles
Armour
 c - a +0 robe (worn)
 d - a +0 cloak (worn)
Scrolls
 h - a scroll of identify {unknown}
 j - a scroll of teleportation {unknown}
Potions
 i - 2 potions of mutation {unknown}
 k - a potion of berserk rage {unknown}
Comestibles
 g - 4 rations


   Skills:
 + Level 1.5 Fighting
 + Level 2.6 Short Blades
 + Level 2.1 Throwing
 + Level 1.5 Dodging
 * Level 7.1 Stealth


You had 2 spell levels left.
You didn't know any spells.
Your spell library was empty.

Dungeon Overview and Level Annotations

Branches:
Dungeon (2/15)

Altars:


Innate Abilities, Weirdness & Mutations

You are very small and have problems with some larger weapons.
You are too small for most types of armour.
You have supernaturally acute eyesight. (SInv)
You are a herbivore.
You cover ground extremely quickly.
You need to consume almost no food.


Message History

You hit the orc but do no damage. The orc wizard closely misses you.
The orc hits you.
You barely miss the orc.
The orc wizard hits you but does no damage.
The orc misses you.
You barely miss the orc.
The orc wizard casts a spell.
The orc wizard flickers and vanishes for a moment.
The orc closely misses you.
You hit the orc.
The orc is lightly wounded.
The orc wizard points at you and mumbles some strange words.
The magic dart hits you!
* * * LOW HITPOINT WARNING * * *
The orc barely misses you.
You hit the orc but do no damage. You hit the orc but do no damage.
The orc wizard gestures at you while chanting.
The magic dart hits you.
You die...

.# #.# #..........# #.#
.######.### #..#.....#.# #.#
..........###..#.....#.# #.#
#########.##...#.....#)###.#
##.###..#.....#.....#
##..###..#.....#.##### #####
#..###...#######.#
#≈P≈###.## ###.#######.#
≈##≈.##.## #.o@o...^.#
.....##..# #######.###
≈.≈.P....## ###.#
P...≈.....# #...#
..P...P...## #.###
.P.P.......# #.#
...≈(......## #.#####
.....≈.##...## #.....#
P.P≈..P###)..# #####.#


You could see an orc wizard (invisible) and an orc.

Vanquished Creatures
  An ooze (D:1)
  A dart slug (D:1)
  4 bats (D:1)
  A giant cockroach (D:1)
  2 goblins (D:1)
  2 hobgoblins (D:1)
  2 jackals (D:1)
  7 kobolds (D:1)
  3 frilled lizards (D:1)
23 creatures vanquished.

Notes
Turn   | Place    | Note
-------+----------+-------------------------------------------
     0 | D:1      | OdinFK the Spriggan Assassin began the quest for the Orb.
     0 | D:1      | Reached XP level 1. HP: 10/10 MP: 2/2
    26 | D:1      | Reached skill level 6 in Stealth
   110 | D:1      | Reached XP level 2. HP: 3/14 MP: 3/3
   980 | D:1      | Reached skill level 7 in Stealth
  1369 | D:1      | Reached XP level 3. HP: 18/18 MP: 4/4
  1618 | D:1      | Killed from afar by an orc wizard

Skill      XL: |  1  2 |
---------------+-------+-----
Stealth        | 6 7 |  7.1
Fighting       | |  1.5
Short Blades   | |  2.6
Throwing       | |  2.1
Dodging        | |  1.5

Action                   || total
-------------------------++-------
Melee: Dagger            ||    88
 Stab: Sleeping          ||     9
       Distracted        ||     1
Armor: Robe              ||    11
Dodge: Dodged            ||    57
